 Dungeon Sprint DCSS version 0.26-a0-597-gb535b0901c (webtiles) character file.

Game seed: 15643051805581532623

2164 HoaS the Brawler (level 9, -1/48 HPs)
             Began as a Gargoyle Gladiator on Sept 6, 2020.
             Was an Elder of Makhleb.
             Slain by a merfolk
             ... wielding a cursed -3 trident
              (8 damage)
             ... in the Dungeon (Sprint V: "Ziggurat Sprint").
             The game lasted 00:02:54 (171 turns).

HoaS the Brawler (Gargoyle Gladiator)                Turns: 171, Time: 00:02:55

Health: -1/48      AC: 26    Str: 34    XL:     9   Next: 32%
Magic:  9/9        EV:  6    Int:  8    God:    Makhleb [****..]
Gold:   0          SH:  0    Dex: 11    Spells: 8/8 levels left

rFire    . . .     SeeInvis .     - Unarmed
rCold    . . .     Faith    .   (no shield)
rNeg     + . .     Spirit   .   j - +5 crystal plate armour
rPois    ∞         Reflect  .   b - +0 helmet
rElec    +         Harm     .   (no cloak)
rCorr    .         NoTele   +   (no gloves)
MR       .....                  (no boots)
Stlth    ..........             (no amulet)
HPRegen  0.16/turn              p - +6 ring of strength
MPRegen  0.11/turn              q - +6 ring of strength

@: no status effects
A: negative energy resistance 1, electricity resistance, unbreathing,
petrification resistance, rot immunity, AC +6
a: Minor Destruction, Lesser Servant of Makhleb, Major Destruction, Renounce
Religion


You were in the Dungeon.
You worshipped Makhleb.
Makhleb was greatly pleased with you.
You visited 1 branch

Inventory:

Missiles
 c - 3 throwing nets (quivered)
Armour
 b - a +0 helmet (worn)
 j - a +5 crystal plate armour (worn)
Jewellery
 a - an uncursed ring of protection from magic
 k - an uncursed ring of flight
 l - a +6 ring of dexterity
 m - a +6 ring of dexterity
 n - a +6 ring of intelligence
 o - a +6 ring of intelligence
 p - a +6 ring of strength (left hand)
 q - a +6 ring of strength (right hand)
 x - the ring "Cuoreil" {rPois rF+ MP-9 Str+6}
   (You found it in the Dungeon)

   [ring of strength]

   It affects your strength (+6).
   It protects you from fire.
   It protects you from poison.
   It affects your magic capacity (-9).
 G - an uncursed amulet of magic regeneration
Wands
 r - a wand of disintegration (7)
 s - a wand of iceblast (7)
 t - a wand of acid (7)
Scrolls
 i - 4 scrolls of blinking
 y - 4 scrolls of amnesia
 B - 7 scrolls of fog
 C - a scroll of holy word
 D - 5 scrolls of identify
 E - 5 scrolls of remove curse
 F - 2 scrolls of fear
Potions
 d - 10 potions of curing
 e - 10 potions of heal wounds
 f - 5 potions of haste
 g - 7 potions of magic
 h - 3 potions of berserk rage
 u - 2 potions of brilliance
 v - 2 potions of invisibility
 w - 4 potions of resistance
 z - 5 potions of stabbing
 A - 4 potions of might


   Skills:
 - Level 2.1 Fighting
 - Level 1.7 Throwing
 - Level 2.4 Dodging
 + Level 19.1 Unarmed Combat


You had 8 spell levels left.
You didn't know any spells.
Your spell library was empty.

Dungeon Overview and Level Annotations

Branches:
Dungeon (1/1)

Altars:
Ashenzari
Cheibriados
Dithmenos
Elyvilon
Fedhas
Gozag
Hepliaklqana
Kikubaaqudgha
Makhleb
Nemelex Xobeh
Okawaru
Qazlal
Ru
Sif Muna
Trog
Uskayaw
Vehumet
Wu Jian
Xom
Yredelemnul
Zin
The Shining One
Beogh
Jiyva
Lugonu

Annotations:
D 1 transporter


Innate Abilities, Weirdness & Mutations

You are resistant to torment.
Your stone body is resilient. (AC +6)
You are immune to poison.
You resist negative energy. (rN+)
You are resistant to electric shocks. (rElec)
You can survive without breathing.
You are immune to petrification.
You are immune to rotting.


Message History

The merfolk is severely wounded.
The merfolk completely misses you.
The merfolk hits you but does no damage. x2
You closely miss the merfolk.
The merfolk is severely wounded.
The merfolk hits you but does no damage. x2
The merfolk hits you from afar with a cursed -1 trident!
You pummel the merfolk!!
You kill the merfolk!
Makhleb accepts your kill.
Your Unarmed Combat skill increases to level 19!
The merfolk hits you but does no damage. x3
You feel a little less mighty now.
The merfolk hits you but does no damage.
The merfolk hits you from afar with a +0 trident!
* * * LOW HITPOINT WARNING * * *
You see here a +0 trident.
You barely miss the merfolk.
The merfolk hits you with a cursed -3 trident!
You die...

▓..©..▓..©..▓▓▓▓▓▓▓
▓▓▓▓▓▓▓▓▓▓▓▓▓▓▓▓▓▓▓
▓..8©8...▓..8©8...▓
▓..[.}...▓..)[[...▓
▓...|....▓..|.[...▓
▓........▓........▓
▓........▓.....m..▓
▓.▓....▓.▓.▓....▓m▓
▓...©....▓...©m@m.▓
▓▓▓▓▓▓▓▓▓▓▓▓▓▓▓▓▓▓▓


You could see 4 merfolk.

Vanquished Creatures
  4 toenail golems (D)
  A merfolk (D)
  3 fire elementals (D)
  A hell hound (D)
  A water moccasin (D)
  2 mummies (D)
  A ball python (D)
  A leopard gecko zombie (D)
14 creatures vanquished.

Notes
Turn   | Place    | Note
-------+----------+-------------------------------------------
     0 | D        | HoaS the Gargoyle Gladiator began the quest for the Orb.
     0 | D        | Reached XP level 1. HP: 12/12 MP: 1/1
     3 | D        | Found a blossoming altar of Fedhas.
     4 | D        | Found the +6 Majin-Bo {vamp, MP+6 Int+6}
     4 | D        | Found the +9 heavy crossbow "Sniper" {vorpal, Acc+∞ SInv}
     4 | D        | Found the +10 dark maul {vorpal}
     4 | D        | Found the +15 Maxwell's patent armour {-Cast -Tele rElec
                  | MR+ rCorr}
     4 | D        | Found the +18 shield of the Gong {rElec rN+ MR+ EV-5}
     4 | D        | Found the cursed +14 obsidian axe {vorpal, +Fly SInv
                  | *Curse}
     4 | D        | Found the +7 great mace "Firestarter" {inner flame, rF++}
     4 | D        | Found the +6 shillelagh "Devastator" {shatter}
     4 | D        | Found the +11 plutonium sword {*Contam Stlth-}
     4 | D        | Found the +8 lance "Wyrmbane" {slay drac, rPois rF+ rC+
                  | AC+3}
     4 | D        | Found the +9 sword of Zonguldrok {reap}
     4 | D        | Found the cursed +13 scythe of Curses {drain, *Curse}
     4 | D        | Found the +0 sword of Power
     4 | D        | Found the +7 mace of Variability {chain chaos}
     4 | D        | Found the +7 Singing Sword {vorpal, sonic wave}
     4 | D        | Found the +8 storm bow {elec, penet}
     4 | D        | Found a viscous altar of Jiyva.
     4 | D        | Found a hazy altar of Hepliaklqana.
     4 | D        | Found a transporter.
     4 | D        | Found an opulent altar of Gozag.
     4 | D        | Found an ancient bone altar of Kikubaaqudgha.
     4 | D        | Found a corrupted altar of Lugonu.
     7 | D        | Found a burning altar of Makhleb.
     8 | D        | Found a sacrificial altar of Ru.
     8 | D        | Found a stormy altar of Qazlal.
     8 | D        | Found a shimmering blue altar of Sif Muna.
     8 | D        | Found an iron altar of Okawaru.
     8 | D        | Found a bloodstained altar of Trog.
     8 | D        | Found a sparkling altar of Nemelex Xobeh.
    33 | D        | Became a worshipper of Makhleb the Destroyer
    50 | D        | Reached skill level 8 in Unarmed Combat
    50 | D        | Reached XP level 2. HP: 17/17 MP: 2/2
    57 | D        | Entered arena 2.
    57 | D        | Noticed a water moccasin
    57 | D        | Found a transporter.
    61 | D        | Killed a water moccasin
    61 | D        | Reached skill level 10 in Unarmed Combat
    61 | D        | Reached XP level 3. HP: 21/21 MP: 3/3
    61 | D        | Reached XP level 4. HP: 26/26 MP: 4/4
    70 | D        | Entered arena 3.
    70 | D        | Found a transporter.
    75 | D        | Reached * piety under Makhleb
    79 | D        | Reached skill level 11 in Unarmed Combat
    79 | D        | Reached XP level 5. HP: 30/30 MP: 5/5
    92 | D        | Entered arena 4.
    92 | D        | Noticed a toenail golem
    92 | D        | Noticed a toenail golem
    92 | D        | Noticed a toenail golem
    92 | D        | Noticed a toenail golem
    92 | D        | Found a transporter.
   102 | D        | Killed a toenail golem
   102 | D        | Reached ** piety under Makhleb
   102 | D        | Reached skill level 14 in Unarmed Combat
   102 | D        | Reached XP level 6. HP: 29/35 MP: 6/6
   102 | D        | Reached XP level 7. HP: 34/40 MP: 7/7
   107 | D        | Killed a toenail golem
   107 | D        | Reached skill level 16 in Unarmed Combat
   111 | D        | Killed a toenail golem
   111 | D        | Reached skill level 17 in Unarmed Combat
   111 | D        | Reached XP level 8. HP: 44/44 MP: 8/8
   115 | D        | Killed a toenail golem
   122 | D        | Got the ring "Cuoreil" {rPois rF+ MP-9 Str+6}
   126 | D        | Entered arena 5.
   126 | D        | Found a transporter.
   135 | D        | Reached *** piety under Makhleb
   135 | D        | Reached skill level 18 in Unarmed Combat
   138 | D        | Reached XP level 9. HP: 48/48 MP: 9/9
   143 | D        | Reached **** piety under Makhleb
   154 | D        | Entered arena 6.
   154 | D        | Noticed a merfolk
   154 | D        | Noticed a merfolk
   154 | D        | Noticed a merfolk
   154 | D        | Noticed a merfolk
   154 | D        | Noticed a merfolk
   154 | D        | Found a transporter.
   155 | D        | Found the +7 captain's cutlass {speed, disarm}
   169 | D        | Killed a merfolk
   169 | D        | Reached skill level 19 in Unarmed Combat
   171 | D        | Slain by a merfolk

Illustrated notes

Levels and vault maps discovered:
D:        sprint_v [room_start, room_1, room_2, room_3, room_4, room_5, room_6,
          room_7, room_8, room_9, room_10, room_11, room_12, room_13, room_14,
          room_15, room_16, room_17, room_18, room_19, room_20, room_21,
          room_22, room_23, room_24, room_25, room_26, room_27]

Skill      XL: |  1  2  3  4  5  6  7  8  9 |
---------------+----------------------------+-----
Unarmed Combat | 8 10 11 14 17 18 19 | 19.1
Fighting       | |  2.1
Throwing       | |  1.7
Dodging        | |  2.4

Action                   |  1- 3 |  4- 6 |  7- 9 || total
-------------------------+-------+-------+-------++-------
Melee: Unarmed           |     4 |    14 |    30 ||    48
       Punch             |       |     3 |     2 ||     5
  Use: Potion            |     1 |     2 |       ||     3
Armor: Crystal plate arm |     3 |     7 |    37 ||    47
Dodge: Dodged            |     1 |     4 |     4 ||     9

Table legend: (Time is in decaauts)
 A = Elapsed time spent in this place.
 B = Non-inter-level travel time spent in this place.
 C = Inter-level travel time spent in this place.
 D = Time resting spent in this place.
 E = Time spent auto-exploring this place.
 F = Levels seen in this place.
 G = Mean time per level.
                   A        B        C        D        E       F      G
               +--------+--------+--------+--------+--------+-----+--------+
         Total |    137 |    137 |      0 |      0 |      0 |   1 |  137.0 |
       Dungeon |    137 |    137 |      0 |      0 |      0 |   1 |  137.0 |
               +--------+--------+--------+--------+--------+-----+--------+

Top non-repeatable levels by time:
       D: 137 daAuts
